 Dungeon Crawl Stone Soup version 0.27-a0-1416-g941b2bd30b (webtiles) character file.

Game seed: 13525024509546726620

1647 deifeln the Cleaver (level 8, -2/74 HPs)
             Began as a Deep Dwarf Monk on June 29, 2021.
             Was a Believer of Makhleb.
             Slain by an elephant (7 damage)
             ... on level 6 of the Dungeon on July 1, 2021.
             The game lasted 00:18:37 (4570 turns).

deifeln the Cleaver (Deep Dwarf Monk)               Turns: 4570, Time: 00:18:38

Health: -2/74      AC: 14    Str: 16    XL:     8   Next: 67%
Magic:  6/6        EV:  5    Int: 12    God:    Makhleb [**....]
Gold:   256        SH:  0    Dex: 15    Spells: 7/7 levels left

rFire    . . .     SeeInvis .   b - +3 whip (vamp)
rCold    . . .     Faith    .   (no shield)
rNeg     . . .     Spirit   .   o - +0 plate armour
rPois    .         Reflect  .   f - +1 helmet
rElec    .         Harm     .   i - +0 cloak
rCorr    +         Rampage  .   x - +0 pair of gloves
Will     +....                  (no boots)
Stlth    ..........             (no amulet)
HPRegen  0.00/turn              r - ring of resist corrosion
MPRegen  0.10/turn              (no ring)

@: no status effects
A: damage resistance, heal wounds, sense surroundings 1, no regeneration
a: Heal Wounds, Renounce Religion, Minor Destruction


You were on level 6 of the Dungeon.
You worshipped Makhleb.
Makhleb was pleased with you.
You visited 2 branches of the dungeon, and saw 7 of its levels.

You collected 298 gold pieces.
You spent 42 gold pieces at shops.

Inventory:

Hand Weapons
 a - a +0 vorpal hand axe
 b - a +3 vampiric whip (weapon)
 k - a +0 hunting sling
Missiles
 d - 5 poisoned darts
 h - 8 javelins (quivered)
 l - 34 sling bullets
 n - 197 stones
Armour
 f - a +1 helmet (worn)
 i - a +0 cloak (worn)
 o - a +0 plate armour (worn)
 x - a +0 pair of gloves (worn)
Jewellery
 r - a ring of resist corrosion (left hand)
Wands
 u - a wand of polymorph (13)
 w - a wand of paralysis (12)
Scrolls
 j - 2 scrolls of teleportation
Potions
 c - a potion of resistance
 e - 2 potions of curing
 m - a potion of lignification
 p - a potion of degeneration {unknown}
 s - 2 potions of magic {unknown}
 t - 2 potions of mutation
 v - a potion of brilliance {unknown}


   Skills:
 + Level 5.1 Fighting
 + Level 11.2 Axes
 - Level 3.2 Dodging
 - Level 2.4 Stealth


You had 7 spell levels left.
You didn't know any spells.
Your spell library contained the following spells:

 Spells                   Type           Power      Damage    Failure   Level
 Foxfire                  Conj/Fire      0%         2x1d4     100%        1
 Magic Dart               Conj           0%         1d3       100%        1
 Poisonous Vapours        Pois/Air       0%         N/A       100%        2
 Searing Ray              Conj           0%         3d3       100%        2
 Conjure Flame            Conj/Fire      0%         6-21      100%        3
 Dazzling Flash           Conj/Hex       0%         N/A       100%        3
 Inner Flame              Hex/Fire       0%         N/A       100%        3
 Mephitic Cloud           Conj/Pois/Air  0%         N/A       100%        3
 Fulminant Prism          Conj/Hex       0%         3d6       100%        4
 Iskenderun's Mystic Bla  Conj/Tloc      0%         2d3       100%        4
 Freezing Cloud           Conj/Ice/Air   0%         6-21      100%        5


Dungeon Overview and Level Annotations

Branches:
Dungeon (6/15)             Temple (1/1) D:4

Altars:
Ashenzari
Dithmenos
Elyvilon
Fedhas
Kikubaaqudgha
Makhleb
Nemelex Xobeh
Qazlal
Sif Muna
Trog
Uskayaw
Vehumet
Wu Jian
Xom
Yredelemnul

Shops:
D:2 ?


Innate Abilities, Weirdness & Mutations

You are resistant to damage.
You can heal yourself by infusing magical energy.
You passively map a small area around you.
You do not regenerate.


Message History

Your ufetubus hits the elephant but does no damage. x2
The elephant tramples you but does no damage.
The elephant trunk-slaps you but does no damage.
Your scorpion stings the elephant but does no damage.
You hit the elephant.
The elephant is lightly wounded.
Your ufetubus barely misses the elephant.
Your ufetubus hits the elephant but does no damage.
The elephant barely misses you.
The elephant trunk-slaps you but does no damage.
Your scorpion stings the elephant!
You swap places.
Your ufetubus hits the elephant but does no damage. x2
Your black bear bites the elephant.
Your black bear claws the elephant but does no damage.
Your black bear completely misses the elephant.
Your ufetubus hits the elephant but does no damage. x2
Your scorpion completely misses the elephant.
The elephant tramples you.
You hold your ground!
The elephant barely misses you.
Your ufetubus hits the elephant but does no damage.
Your ufetubus hits the elephant.
Your black bear bites the elephant.
Your black bear claws the elephant. x2
Your scorpion stings the elephant but does no damage.
You hit the elephant but do no damage.
The elephant is moderately wounded.
Your ufetubus hits the elephant but does no damage. x2
Your scorpion stings the elephant.
Your ufetubus hits the elephant but does no damage. x2
The elephant tramples you.
* * * LOW HITPOINT WARNING * * *
You stumble backwards!
You hit the elephant but do no damage.
The elephant is moderately wounded.
Your scorpion barely misses the elephant.
Unknown command.
You hit the elephant.
The elephant is moderately wounded.
The elephant tramples you!
You die...

####### ######## #.....#
#....#.. #.....#####.......
* ####.................
#####5hY@................
........s...............#..
,
...............####.....#..
...............#........#..
.........#.....#........#..
.........#.#####........#..
,.........#...######........
.........)[................
, ..#......................


You could see an elephant (ally target), a friendly black bear (summoned), a
friendly scorpion (summoned) and a friendly ufetubus (summoned).

Vanquished Creatures
  Eustachio (D:5)
  A water moccasin (D:5)
  An ice beast (D:6)
  An orc warrior (D:6)
  2 sky beasts
  An ogre (D:5)
  A centaur (D:5)
  Blork the orc (D:6)
  A water moccasin zombie (D:5)
  2 water moccasin skeletons
  2 bullfrog skeletons (D:5)
  2 jellies (D:4)
  2 orc priests
  Crazy Yiuf (D:3)
  5 hounds
  2 centaur skeletons (D:6)
  Jessica (D:3)
  A killer bee zombie (D:6)
  Robin (D:2)
  5 adders
  3 gnolls
  An ufetubus (D:5)
  An adder skeleton (D:4)
  A worm (D:4)
  2 dart slugs
  8 orcs
  10 ball pythons
  8 bats
  7 endoplasms
  4 giant cockroaches
  19 goblins
  9 hobgoblins
  A jackal (D:1)
  5 quokkas
  3 frilled lizards
  6 kobolds
  9 rats
131 creatures vanquished.

Vanquished Creatures (others)
  2 orcs (D:3)
  A fungus (D:3)
3 creatures vanquished.

Grand Total: 134 creatures vanquished

Notes
Turn   | Place    | Note
-------+----------+-------------------------------------------
     0 | D:1      | deifeln the Deep Dwarf Monk began the quest for the Orb.
     0 | D:1      | Reached XP level 1. HP: 20/20 MP: 1/1
    64 | D:1      | Reached XP level 2. HP: 13/27 MP: 2/2
   120 | D:1      | Reached skill level 4 in Axes
   510 | D:1      | Reached XP level 3. HP: 27/33 MP: 3/3
   673 | D:2      | Reached skill level 5 in Axes
   808 | D:2      | Found Maomal's Magic Scroll Shoppe.
   818 | D:2      | Bought a scroll of teleportation for 42 gold pieces
   849 | D:2      | Noticed Robin
   886 | D:2      | Reached XP level 4. HP: 23/40 MP: 3/3
   896 | D:2      | Killed Robin
  1325 | D:2      | Found a faded altar of an unknown god.
  1420 | D:3      | Noticed Jessica
  1424 | D:3      | Reached skill level 6 in Axes
  1443 | D:3      | Killed Jessica
  1444 | D:3      | Reached XP level 5. HP: 34/46 MP: 4/4
  1654 | D:3      | You fall into a shaft and drop 1 floor!
  1732 | D:4      | Reached skill level 7 in Axes
  1829 | D:4      | Found a stormy altar of Qazlal.
  1859 | D:4      | Found a staircase to the Ecumenical Temple.
  1868 | Temple   | Entered the Ecumenical Temple
  2127 | Temple   | Became a worshipper of Makhleb the Destroyer
  2127 | Temple   | Reached * piety under Makhleb
  2127 | Temple   | Reached ** piety under Makhleb
  2207 | D:3      | Reached XP level 6. HP: 41/55 MP: 5/5
  2414 | D:3      | Found a runed translucent door.
  2415 | D:3      | Noticed Crazy Yiuf
  2444 | D:3      | Killed Crazy Yiuf
  2690 | D:4      | Reached skill level 8 in Axes
  3296 | D:5      | Entered Level 5 of the Dungeon
  3319 | D:5      | Noticed a sky beast
  3344 | D:5      | Killed a sky beast
  3351 | D:5      | Reached XP level 7. HP: 39/61 MP: 6/6
  3371 | D:5      | Reached skill level 9 in Axes
  3402 | D:5      | Noticed Eustachio
  3567 | D:5      | Killed Eustachio
  3568 | D:5      | Reached skill level 10 in Axes
  3813 | D:5      | Reached XP level 8. HP: 57/69 MP: 6/6
  4160 | D:5      | Upgraded the game from 0.27-a0-1378-gdefffd1ff6 to
                  | 0.27-a0-1416-g941b2bd30b
  4364 | D:6      | Noticed Blork the orc
  4387 | D:6      | Killed Blork the orc
  4388 | D:6      | Reached skill level 11 in Axes
  4460 | D:6      | Reached skill level 5 in Fighting
  4563 | D:6      | Noticed an elephant
  4570 | D:6      | Slain by an elephant

Illustrated notes

Levels and vault maps discovered:
D:1:      shiori_arrival_maze, layout_basic, minmay_3d_cube
D:2:      layout_loops_ring, hellmonk_ecumenical_altar_inner_sanctum,
          serial_shops, nicolae_shop_trees, uniq_robin
D:3:      layout_rooms, lemuel_old_faithful, uniq_crazy_yiuf_cottage,
          uniq_jessica
D:4:      kennysheep_big_flooded_room, layout_basic,
          nicolae_qazlal_general_emergency, minmay_temple_entry_offerings,
          minivault_25
D:5:      minmay_skewed_foursquare, layout_rooms, uniq_eustachio
D:6:      layout_basic, uniq_blork_the_orc
Temple:   dpeg_chambers_temple

Skill      XL: |  1  2  3  4  5  6  7  8 |
---------------+-------------------------+-----
Axes           | 4 5 6 7 8 10 11 | 11.2
Fighting       | 3 5 |  5.1
Dodging        | |  3.2
Stealth        | |  2.4

Action                   |  1- 3 |  4- 6 |  7- 9 || total
-------------------------+-------+-------+-------++-------
Melee: Hand axe          |   154 |    74 |       ||   228
       Whip              |       |   176 |   269 ||   445
Throw: Dart              |    30 |    19 |     4 ||    53
       Javelin           |       |       |     3 ||     3
 Abil: Heal Wounds       |     2 |     2 |     3 ||     7
Evoke: Wand              |       |       |     2 ||     2
  Use: Scroll            |       |    12 |     1 ||    13
       Potion            |       |     1 |     1 ||     2
 Stab: Sleeping          |     5 |     1 |       ||     6
Armor: Robe              |    23 |     7 |       ||    30
       Leather armour    |       |    27 |       ||    27
       Plate armour      |       |    39 |   283 ||   322
Dodge: Dodged            |   112 |   113 |   112 ||   337

Table legend: (Time is in decaauts)
 A = Elapsed time spent in this place.
 B = Non-inter-level travel time spent in this place.
 C = Inter-level travel time spent in this place.
 D = Time resting spent in this place.
 E = Time spent auto-exploring this place.
 F = Levels seen in this place.
 G = Mean time per level.
                   A        B        C        D        E       F      G
               +--------+--------+--------+--------+--------+-----+--------+
         Total |   4518 |   4276 |    242 |    111 |   2704 |   7 |  645.4 |
       Dungeon |   4234 |   4012 |    222 |    111 |   2455 |   6 |  705.7 |
        Temple |    283 |    263 |     20 |      0 |    249 |   1 |  283.0 |
               +--------+--------+--------+--------+--------+-----+--------+

Top non-repeatable levels by time:
     D:4: 1085 daAuts
     D:5: 792 daAuts
     D:2: 772 daAuts
     D:1: 652 daAuts
     D:3: 603 daAuts
     D:6: 328 daAuts
  Temple: 283 daAuts
